 Dungeon Crawl Stone Soup version 0.16.2-12-gd0ad4c3 (webtiles) character file.

1383 Kloppie the Covert (level 8, 0/62 HPs)
             Began as a Minotaur Assassin on Oct 27, 2015.
             Was an Initiate of Dithmenos.
             Succumbed to a killer bee's poison
             ... on level 7 of the Dungeon.
             The game lasted 00:13:44 (4493 turns).

Kloppie the Covert (Minotaur Assassin)              Turns: 4493, Time: 00:13:44

Health: 0/62       AC: 11    Str: 21    XL:     8   Next: 40%
Magic:  3/3        EV: 11    Int:  8    God:    Dithmenos [......]
Gold:   305        SH:  0    Dex: 14    Spells: 0 memorised, 7 levels left

rFire  . . .     SeeInvis .     s - +2 dagger (venom)
rCold  . . .     Clarity  .     I - +2 leather armour {MR+}
rNeg   . . .     SustAb   .     (no shield)
rPois  .         Gourm    .     (helmet restricted)
rElec  .         Spirit   .     d - +1 cloak
rCorr  .         Warding  .     C - +0 pair of gloves
rMut   .         Stasis   .     F - +2 pair of boots
MR     ++...                    (no amulet)
Stlth  ++++......               B - ring of protection from magic
                                (no ring)

@: mighty, lethally poisoned (0 -> -14), very resistant to hostile enchantments,
stealthy
A: retaliatory headbutt, horns 2
a: Renounce Religion


You were on level 7 of the Dungeon.
You worshipped Dithmenos.
Dithmenos was noncommittal.
You were not hungry.

You visited 2 branches of the dungeon, and saw 8 of its levels.

You collected 305 gold pieces.

Inventory:

Hand weapons
 b - a +0 blowgun
 j - a +3 dagger
 s - a +2 dagger of venom (weapon)
 G - a +0 short sword
Missiles
 e - 22 poisoned needles
 f - 2 curare-tipped needles
Armour
 c - a +0 robe
 d - a +1 cloak (worn)
 C - a +0 pair of gloves (worn)
 F - a +2 pair of boots (worn)
 I - a +2 leather armour of magic resistance (worn)
Jewellery
 B - a ring of protection from magic (right hand)
Magical devices
 n - a wand of lightning (7)
Scrolls
 h - a scroll of amnesia
 q - 4 scrolls of recharging
 t - a scroll of blinking
 v - 2 scrolls of remove curse
 x - 3 scrolls of enchant armour
Potions
 k - 2 potions of restore abilities
 l - 2 potions of ambrosia
 u - 2 potions of agility
 z - 2 potions of cancellation
 A - a potion of cure mutation
 E - a potion of resistance
 H - a potion of invisibility {unknown}
Comestibles
 g - 3 bread rations
 i - 4 meat rations
 m - 2 slices of pizza
 D - a royal jelly


   Skills:
 - Level 2.4 Fighting
 + Level 6.4 Short Blades
 - Level 2.0 Throwing
 - Level 1.1 Dodging
 + Level 12.4 Stealth


You had 7 spell levels left.
You didn't know any spells.

Dungeon Overview and Level Annotations

Branches:
Dungeon (7/15)             Temple (1/1) D:6

Altars:
Dithmenos
Elyvilon
Fedhas
Kikubaaqudgha
Nemelex Xobeh
Okawaru
Ru
Sif Muna
Trog
Vehumet
Xom
Yredelemnul
The Shining One

Shops:
D:6 [

Annotations:
D:2 Sigmund
D:4 Grinder; Kloppie's ghost, average DgFi
D:6 Darguel's ghost, experienced HaAs


Innate Abilities, Weirdness & Mutations

You reflexively headbutt those who attack you in melee.
You have a pair of horns on your head.


Message History

You kill the killer bee!
Dithmenos accepts your kill.
You miss the killer bee.
The killer bee stings you but does no damage.
You puncture the killer bee! Your headbutt misses the killer bee.
The killer bee is moderately wounded.
You feel sick. The killer bee stings you.
* * * LOW HITPOINT WARNING * * *
You are lethally poisoned!
The killer bee poisons you! The killer bee stings you!
* * * LOW HITPOINT WARNING * * *
You closely miss the killer bee. Your headbutt misses the killer bee.
The killer bee is moderately wounded.
* * * LOW HITPOINT WARNING * * *
You feel sick. The killer bee stings you.
* * * LOW HITPOINT WARNING * * *
You hit the killer bee but do no damage.
The killer bee is poisoned.
Your headbutt misses the killer bee.
The killer bee is moderately wounded.
You die...

###..##...##......##
...........$#........
............'.........
[...........#.........
.............#......./.
.......†.....#........y[
#############...##..........
...##########'####.(##..##..
......#.........@yc.# #+#
......'.........##.(#
......#.>##.....##(.#
.....##..##.....##..#
.....###'##........(##
.....##..##......((..+
<........+...........#
..<......#...........#
...########....###)###.


You could see a centaur and a killer bee.

Vanquished Creatures
  An ice beast (D:5)
  An ogre (D:7)
  5 killer bees (D:7)
  A scorpion (D:5)
  A crimson imp (D:3)
  A giant frog zombie (D:7)
  3 orc wizards
  A hound (D:4)
  A jelly (D:6)
  An iguana (D:4)
  Ijyb (D:1)
  A hound zombie (D:5)
  9 adders
  A giant mite (D:1)
  2 shadow imps (D:5)
  2 worms (D:2)
  An adder skeleton (D:5)
  An ooze (D:2)
  8 giant geckos
  6 orcs
  A ball python (D:3)
  A bat skeleton (D:7)
  4 giant cockroaches
  11 hobgoblins
  5 jackals
  14 kobolds
  3 quokkas
  10 bats
  3 giant newts
  14 goblins
  2 quokka zombies
  10 rats
  A butterfly (D:6)
127 creatures vanquished.

Vanquished Creatures (others)
  A human (D:5)
1 creature vanquished.

Grand Total: 128 creatures vanquished

Notes
Turn   | Place    | Note
--------------------------------------------------------------
     0 | D:1      | Kloppie, the Minotaur Assassin, began the quest for the Orb.
     0 | D:1      | Reached XP level 1. HP: 18/18 MP: 1/1
   118 | D:1      | Reached XP level 2. HP: 22/25 MP: 1/1
   432 | D:1      | Reached XP level 3. HP: 26/30 MP: 2/2
   802 | D:2      | Noticed Ijyb
   820 | D:1      | Reached skill level 4 in Stealth
   831 | D:1      | Killed Ijyb
  1024 | D:2      | Reached XP level 4. HP: 16/37 MP: 2/2
  1276 | D:2      | Found a bloodstained altar of Trog.
  1392 | D:2      | Noticed Sigmund
  1882 | D:3      | Reached XP level 5. HP: 24/42 MP: 2/2
  1905 | D:3      | Found a sacrificial altar of Ru.
  2139 | D:3      | Reached skill level 5 in Stealth
  2156 | D:3      | Found a shimmering altar of Xom.
  2438 | D:4      | Reached XP level 6. HP: 26/50 MP: 3/3
  2554 | D:4      | Noticed Grinder
  2749 | D:4      | Reached skill level 5 in Short Blades
  2820 | D:4      | Noticed Kloppie's ghost (average DgFi)
  2880 | D:5      | Entered Level 5 of the Dungeon
  2986 | D:5      | Found an ancient bone altar of Kikubaaqudgha.
  2987 | D:5      | Noticed a human
  2991 | D:5      | Killed a human
  3315 | D:5      | Found a sparkling altar of Nemelex Xobeh.
  3767 | D:5      | Reached skill level 12 in Stealth
  3767 | D:5      | Reached XP level 7. HP: 56/56 MP: 3/3
  3834 | D:6      | Found Ohiott's Armour Emporium.
  3911 | D:6      | Found a glowing golden altar of the Shining One.
  3970 | D:6      | Found a staircase to the Ecumenical Temple.
  3987 | Temple   | Entered the Ecumenical Temple
  3995 | Temple   | Became a worshipper of Dithmenos the Shadowed
  4076 | D:6      | Noticed Darguel's ghost (experienced HaAs)
  4096 | D:7      | Reached XP level 8. HP: 49/62 MP: 3/3
  4482 | D:7      | HP: 2/62 [killer bee (4)]
  4492 | D:7      | HP: 1/62 [killer bee (3)]
  4493 | D:7      | Succumbed to a killer bee's poison

Action                   |  1- 3 |  4- 6 |  7- 9 || total
-------------------------+-------+-------+-------++-------
Melee: Dagger            |    84 |   222 |    77 ||   383
  Use: Scroll            |       |    14 |     6 ||    20
       Potion            |       |     1 |     2 ||     3
 Stab: Sleeping          |     3 |     3 |     4 ||    10
       Distracted        |       |     1 |       ||     1
  Eat: Chunk             |       |     8 |     3 ||    11
